 Dungeon Crawl Stone Soup version 0.17.1-3-g152610e (webtiles) character file.

43 Grim the Ruffian (level 3, -10/43 HPs)
             Began as a Demonspawn Berserker on Feb 29, 2016.
             Was a Believer of Trog.
             Mangled by a gnoll
             ... wielding a +0 spear
              (11 damage)
             ... on level 2 of the Dungeon.
             The game lasted 00:02:26 (2072 turns).

Grim the Ruffian (Demonspawn Berserker)             Turns: 2072, Time: 00:02:26

Health: -10/43     AC:  3    Str: 22    XL:     3   Next: 37%
Magic:  3/3        EV: 12    Int:  8    God:    Trog [**....]
Gold:   53         SH:  0    Dex: 13    Spells: 0 memorised, 2 levels left

rFire  . . .     SeeInvis .       - Unarmed
rCold  . . .     Clarity  .     a - +0 animal skin
rNeg   . . .     SustAt   .     (no shield)
rPois  .         Gourm    .     (helmet restricted)
rElec  .         Spirit   .     (no cloak)
rCorr  .         Warding  .     (no gloves)
rMut   .         Stasis   .     j - +0 pair of boots
MR     .....                    (no amulet)
Stlth  ..........               (no ring)
                                (no ring)

@: mighty, berserking, very quick, not resistant to hostile enchantments,
extremely unstealthy
A: antennae 1, powered by pain 1
a: Berserk, Trog's Hand, Burn Spellbooks, Renounce Religion


You were on level 2 of the Dungeon.
You worshipped Trog.
Trog was pleased with you.
You were not hungry.

You visited 1 branch of the dungeon, and saw 2 of its levels.

You collected 53 gold pieces.

Inventory:

Armour
 a - a +0 animal skin (worn)
 j - a +0 pair of boots (worn)
Jewellery
 i - a +3 ring of dexterity {unknown}
 l - an uncursed ring of stealth {unknown}
Scrolls
 c - 2 scrolls of identify {unknown}
 d - a scroll of fear {unknown}
 e - a scroll of remove curse {unknown}
 k - a scroll of random uselessness {unknown}
Potions
 g - a potion of flight {unknown}
 h - a potion of ambrosia {unknown}
Comestibles
 b - a bread ration
 f - 3 meat rations


   Skills:
 - Level 3.0 Fighting
 - Level 1.7 Armour
 - Level 1.7 Dodging
 + Level 4.0 Unarmed Combat


You had 2 spell levels left.
You didn't know any spells.

Dungeon Overview and Level Annotations

Branches:
Dungeon (2/15)

Altars:
Okawaru


Innate Abilities, Weirdness & Mutations

You have a pair of small antennae on your head.
You sometimes gain a little power by taking damage.


Message History

Trog accepts your kill.
Eat which item? (? for menu, Esc to quit)
You can't eat that!
Eat which item? (? for menu, Esc to quit)
The gnoll hits you but does no damage.
The gnoll hits you from afar with a spear.
The gnoll hits you with a flail!
* * * LOW HITPOINT WARNING * * *
You focus on the pain.
You feel very mighty all of a sudden. The gnoll barely misses you.
The gnoll hits you but does no damage. The gnoll hits you with a flail!
* * * LOW HITPOINT WARNING * * *
The hobgoblin misses you.
You finish eating.
That bread ration really hit the spot!
A red film seems to cover your vision as you go berserk!
You feel yourself moving faster!
You feel mighty!
You feel somewhat more hungry.
The gnoll hits you from afar with a spear!
You die...

#.# #.# #.#........#
#.# #.# #.#........#
#.# #.# #.#.##.#####
###.# #.# #.#.##.#
.##.# #.# #.#.##.#
.##.# #.# #.#.##.#
.##.####.# #......#
.......#†# #......####
###.##.#.####...@g....#
#
#.#..<........g†g.....
#
#.#..#.#####..##g..##.
# #.#..### #.K# g...# #
#.#.†.....##... _.... #
#.#.#####.##..# ...#. #
#.#. ...# .## # #...
.... .. ####


You could see 4 gnolls, a hobgoblin and a kobold.

Vanquished Creatures
  An adder (D:2)
  An ooze (D:2)
  2 giant geckos
  5 hobgoblins (D:1)
  5 bats
  3 giant newts
  4 goblins
  3 kobolds (D:1)
  4 rats (D:1)
28 creatures vanquished.

Notes
Turn   | Place    | Note
--------------------------------------------------------------
     0 | D:1      | Grim the Demonspawn Berserker began the quest for the Orb.
     0 | D:1      | Reached XP level 1. HP: 18/18 MP: 1/1
   613 | D:1      | Gained mutation: You sometimes gain a little power by taking damage. [demonic ancestry]
   613 | D:1      | Reached XP level 2. HP: 18/24 MP: 2/2
  1705 | D:2      | Reached ** piety under Trog
  1705 | D:2      | Gained mutation: You have a pair of small antennae on your head. [demonic ancestry]
  1705 | D:2      | Reached XP level 3. HP: 14/29 MP: 3/3
  2049 | D:2      | Reached skill level 4 in Unarmed Combat
  2062 | D:2      | Found an iron altar of Okawaru.
  2071 | D:2      | HP: 1/29 [gnoll/flail (7)]
  2072 | D:2      | Mangled by a gnoll

Action                   || total
-------------------------++-------
Melee: Unarmed           ||   128
Invok: Berserk           ||     1
 Stab: Sleeping          ||     1
  Eat: Chunk             ||     2
       Bread ration      ||     1
